 Dungeon Crawl Stone Soup version 0.21.0-26-g889b8f6 (webtiles) character file.

8106 seren the Thaumaturge (level 11, -4/86 HPs)
             Began as a Mummy Wizard on Jan 27, 2018.
             Was a Believer of Kikubaaqudgha.
             Killed from afar by a fire giant (32 damage)
             ... with a bolt of fire
             ... on level 10 of the Dungeon.
             The game lasted 01:27:24 (16581 turns).

seren the Thaumaturge (Mummy Wizard)               Turns: 16581, Time: 01:27:26

Health: -4/86      AC: 10    Str: 10    XL:     11   Next: 5%
Magic:  16/25      EV: 17    Int: 20    God:    Kikubaaqudgha [**....]
Gold:   366        SH:  7    Dex: 12    Spells: 20/30 levels left

rFire    . . .     SeeInvis .   a - +1 dagger (venom)
rCold    + + .     Gourm    .   y - +2 buckler {reflect}
rNeg     + + +     Faith    .   k - +2 robe {rC+ rF+}
rPois    ∞         Spirit   .   E - +1 hat
rElec    .         Reflect  +   G - +2 cloak
rCorr    .         Harm     .   A - +1 pair of gloves
MR       +....                  (no boots)
Stlth    +++.......             L - amulet of rage
HPRegen  0.24/turn              o - ring of stealth
MPRegen  0.19/turn              I - +3 ring of evasion

@: no status effects
A: no food or potions, fire vulnerability, cold resistance 1, negative energy
resistance 3, torment resistance, unbreathing
a: Receive Corpses, Renounce Religion


You were on level 10 of the Dungeon.
You worshipped Kikubaaqudgha.
Kikubaaqudgha was pleased with you.
You were not hungry.

You visited 2 branches of the dungeon, and saw 11 of its levels.

You collected 598 gold pieces.
You spent 232 gold pieces at shops.

Inventory:

Hand Weapons
 a - a +1 dagger of venom (weapon)
 h - a +2 short sword of protection
 t - a +1 trident of venom
 J - a +0 scimitar of flaming
 M - a +3 hunting sling
Missiles
 f - 6 curare-tipped needles
 j - 44 poisoned needles
 s - 3 needles of confusion
 w - a throwing net (quivered)
Armour
 k - a +2 robe of resistance (worn)
 y - a +2 buckler of reflection (worn)
 A - a +1 pair of gloves (worn)
 E - a +1 hat (worn)
 G - a +2 cloak (worn)
Jewellery
 n - an uncursed ring of ice
 o - a ring of stealth (left hand)
 r - an uncursed ring of stealth
 F - an uncursed ring of protection from cold
 I - a +3 ring of evasion (right hand)
 L - an amulet of rage (around neck)
Wands
 d - a wand of scattershot (5)
 z - a wand of iceblast (18)
 C - a wand of enslavement (21)
Scrolls
 e - 3 scrolls of identify
 g - 4 scrolls of remove curse
 i - 8 scrolls of teleportation {!r}
 l - 3 scrolls of amnesia
 m - a scroll of fear
 p - 3 scrolls of immolation
 u - 2 scrolls of enchant weapon
 v - 2 scrolls of blinking {!r}
 x - 2 scrolls of magic mapping
Books
 c - a book of Minor Magic

   Spells                             Type                      Level
   a - Magic Dart                     Conjuration                  1
   b - Blink                          Translocation                2
   c - Call Imp                       Summoning                    2
   d - Slow                           Hexes                        2
   e - Conjure Flame                  Conjuration/Fire             3
   f - Mephitic Cloud                 Conjuration/Poison/Air       3
 B - a book of Maledictions

   Spells                             Type                      Level
   a - Corona                         Hexes                        1
   b - Ensorcelled Hibernation        Hexes/Ice                    2
   c - Confuse                        Hexes                        3
   d - Tukima's Dance                 Hexes                        3
   e - Dazzling Spray                 Conjuration/Hexes            3
 H - Kikubaaqudgha's Almanac of Evil Secrets
   (Kikubaaqudgha gifted it to you on level 8 of the Dungeon)

   Spells                             Type                      Level
   a - Animate Skeleton               Necromancy                   1
   b - Pain                           Necromancy                   1
   c - Corpse Rot                     Necromancy                   2
   d - Vampiric Draining              Necromancy                   3
 K - a book of Misfortune

   Spells                             Type                      Level
   a - Confusing Touch                Hexes                        1
   b - Confuse                        Hexes                        3
   c - Gell's Gravitas                Translocation                3
   d - Petrify                        Transmutation/Earth          4
   e - Metabolic Englaciation         Hexes/Ice                    5
   f - Yara's Violent Unravelling     Hexes/Transmutation          5


   Skills:
 + Level 7.9 Fighting
 - Level 1.2 Armour
 - Level 5.0 Dodging
 - Level 2.0 Stealth
 - Level 4.0 Shields
 - Level 10.1 Spellcasting
 - Level 5.0 Conjurations
   Level 0.7 Summonings
 + Level 3.5 Necromancy
 - Level 2.0 Translocations
 - Level 1.0 Fire Magic
 - Level 2.0 Air Magic
 - Level 2.0 Poison Magic
 + Level 4.4 Evocations


You had 20 spell levels left.
You knew the following spells:

 Your Spells              Type           Power        Failure   Level  Hunger
a - Magic Dart            Conj           ####         1%          1    N/A
b - Blink                 Tloc           N/A          4%          2    N/A
c - Conjure Flame         Conj/Fire      ###.....     6%          3    N/A
d - Mephitic Cloud        Conj/Pois/Air  ###.....     6%          3    N/A
s - Animate Skeleton      Necr           N/A          1%          1    N/A

Dungeon Overview and Level Annotations

Branches:
Dungeon (10/15)            Temple (1/1) D:5
   Lair: D:8-11         Orc: D:9-12

Altars:
Ashenzari
Cheibriados
Dithmenos
Elyvilon
Fedhas
Gozag
Hepliaklqana
Kikubaaqudgha
Makhleb
Nemelex Xobeh
Okawaru
Qazlal
Ru
Sif Muna
Trog
Uskayaw
Vehumet
Wu Jian
Xom
Yredelemnul
Zin
The Shining One

Shops:
D:4 }   D:5 (%[[

Annotations:
D:2 exclusion: downstairs
D:3 exclusion: downstairs, Zorot's ghost, amateur GnWn
D:4 Grinder
D:5 exclusion: downstairs, Agrougrou's ghost, novice OpTm
D:6 vault, exclusion: downstairs
D:7 exclusions: door, downstairs and yak
D:8 exclusion: door
D:10 exclusion: centaur warrior


Innate Abilities, Weirdness & Mutations

You do not eat or drink.
Your flesh is vulnerable to fire.
You are immune to poison.
Your flesh is cold resistant. (rC+)
You are immune to negative energy. (rN+++)
You are immune to unholy pain and torment.
You can survive without breathing.


Message History

Aiming: Mephitic Cloud
Press: ? - help, Shift-Dir - straight line, f/p - fire giant
Aim: a fire giant, wielding a great sword of flaming (lightly wounded, poisoned)
The ball explodes into a vile cloud!
The stinking cloud engulfs the fire giant.
The fire giant is lightly wounded.
The stinking cloud engulfs you!
The fire giant is engulfed in noxious fumes.
You block the fire giant's attack.
The fire giant is engulfed in noxious fumes.
The fire giant points at you and mumbles some strange words.
The fireball explodes!
The fireball engulfs you!
* * * LOW HITPOINT WARNING * * *
As you read the scroll of fog, it crumbles to dust.
The scroll dissolves into smoke.
The fire giant is engulfed in noxious fumes.
The fire giant casts a spell at you. The bolt of fire hits you!
You die...
Kikubaaqudgha rasps: "You have failed me!
Welcome... oblivion!"

............#...#.....#..........
............#....................
............#.....(..............
............#....................
............#.....##..######....#
............#..§§.##..######>...#
............#.§§C§##......##...t#
###.........#.§§§§##......##....#
............#.§§@§##......##....#
......<.....'.§§§§##......##....#
............#.§§§§##......##..o.#
.....#####'##.....##......##....#
.....#.....##.....##......##....#
.....#.....##.....##......##....#
####.#.....######################
# #.#.....#######.. ...######## #
#.#.....##....#.# #..#!.....#


You could see a fire giant.

Vanquished Creatures
  Erica (D:8)
  2 two-headed ogres
  The ghost of Agrougrou the Martial Artist, a novice OpTm of Xom (D:8)
  A deep elf mage (D:10)
  Maurice (D:8)
  The ghost of Sayani the Chopper, an amateur MiFi (D:4)
  A hippogriff (D:10)
  Prince Ribbit (D:8)
  Sigmund (D:6)
  Eustachio (D:4)
  A steam dragon (D:9)
  Edmund (D:4)
  2 porcupines (D:10)
  3 orc warriors
  A sky beast (D:4)
  A black bear (D:7)
  2 ice beasts
  3 ogres
  A necrophage (D:10)
  2 centaurs
  2 phantoms
  2 crocodiles (D:10)
  A big kobold (D:10)
  6 bullfrogs
  A wyvern zombie (D:7)
  A water moccasin zombie (D:5)
  3 scorpions
  2 howler monkeys
  5 crimson imps
  A centaur skeleton (D:9)
  5 orc priests
  7 hounds
  5 bullfrog skeletons
  Natasha (D:4)
  4 iguanas
  6 orc wizards
  7 worker ants
  A hound skeleton (D:5)
  A howler monkey zombie (D:10)
  7 gnolls
  2 howler monkey skeletons (D:6)
  13 adders
  2 shadow imps
  An ooze (D:2)
  3 adder skeletons
  4 dart slugs
  3 leopard geckos
  20 orcs
  6 giant cockroaches
  7 goblins
  9 hobgoblins
  4 jackals
  4 quokkas
  4 ball pythons
  11 bats
  4 frilled lizards
  10 kobolds
  A quokka zombie (D:6)
  8 rats
212 creatures vanquished.

Vanquished Creatures (collateral kills)
  A black bear (D:10)
  A bullfrog (D:10)
  A bullfrog zombie (D:9)
  An orc priest (D:9)
  An iguana (D:10)
  A shadow imp (D:9)
  2 kobolds (D:10)
8 creatures vanquished.

Vanquished Creatures (others)
  40 fungi (D:10)
  11 plants (D:10)
51 creatures vanquished.

Grand Total: 271 creatures vanquished

Notes
Turn   | Place    | Note
-------+----------+-------------------------------------------
     0 | D:1      | seren the Mummy Wizard began the quest for the Orb.
     0 | D:1      | Reached XP level 1. HP: 13/13 MP: 5/5
    66 | D:1      | Reached skill level 1 in Conjurations
   185 | D:1      | Reached XP level 2. HP: 13/20 MP: 7/7
   887 | D:2      | Reached XP level 3. HP: 16/25 MP: 8/8
   891 | D:2      | Learned a level 2 spell: Blink
   895 | D:2      | Learned a level 3 spell: Conjure Flame
   899 | D:2      | Learned a level 3 spell: Mephitic Cloud
  1105 | D:2      | Reached skill level 1 in Fighting
  1433 | D:2      | Reached XP level 4. HP: 32/32 MP: 10/10
  1786 | D:2      | Found an opulent altar of Gozag.
  2215 | D:2      | Found a radiant altar of Vehumet.
  2215 | D:2      | Found an iron altar of Okawaru.
  2583 | D:3      | Noticed Zorot's ghost (amateur GnWn)
  3439 | D:3      | Reached XP level 5. HP: 38/38 MP: 4/12
  3954 | D:4      | Noticed Sayani's ghost (amateur MiFi)
  4162 | D:4      | Noticed an orc warrior
  4189 | D:3      | Reached skill level 5 in Spellcasting
  4638 | D:3      | Reached XP level 6. HP: 5/44 MP: 13/13
  5270 | D:4      | Noticed Natasha
  5577 | D:5      | Entered Level 5 of the Dungeon
  5674 | D:4      | Noticed Eustachio
  5913 | D:4      | Found a glowing golden altar of the Shining One.
  6003 | D:4      | Killed an orc warrior
  6003 | D:4      | Reached skill level 1 in Fire Magic
  6003 | D:4      | Reached skill level 1 in Air Magic
  6003 | D:4      | Reached skill level 1 in Poison Magic
  6204 | D:4      | Reached XP level 7. HP: 48/51 MP: 15/15
  6285 | D:4      | Noticed Edmund
  6315 | D:4      | Killed Edmund
  6391 | D:4      | Noticed Grinder
  6425 | D:4      | Found Igull's Gadget Shoppe.
  6558 | D:4      | Killed Eustachio
  6558 | D:4      | Reached skill level 6 in Spellcasting
  6818 | D:4      | Killed Sayani's ghost
  6818 | D:4      | Reached XP level 8. HP: 24/60 MP: 11/17
  7017 | D:4      | Found a sparkling altar of Nemelex Xobeh.
  7048 | D:4      | Killed Natasha
  7346 | D:5      | Noticed Agrougrou's ghost (novice OpTm)
  7666 | D:4      | Reached skill level 7 in Spellcasting
  8087 | D:5      | Reached skill level 1 in Translocations
  8174 | D:5      | Found Keogyh's Antique Armour Emporium.
  8452 | D:5      | Found Gokhaang's Armour Shoppe.
  8460 | D:5      | Found a staircase to the Ecumenical Temple.
  8470 | Temple   | Entered the Ecumenical Temple
  8555 | Temple   | Became a worshipper of Kikubaaqudgha
  9021 | D:5      | Reached skill level 5 in Fighting
  9033 | D:5      | Reached skill level 5 in Conjurations
  9375 | D:5      | Found Veweg's Antique Weapon Shoppe.
  9392 | D:5      | Found Seulateu's Food Shoppe.
  9987 | D:5      | Bought a shiny buckler for 232 gold pieces
 10341 | D:6      | Noticed Sigmund
 10353 | D:6      | Killed Sigmund
 10353 | D:6      | Reached skill level 1 in Armour
 10353 | D:6      | Reached XP level 9. HP: 68/68 MP: 14/20
 10588 | D:6      | Reached skill level 8 in Spellcasting
 10657 | D:6      | Reached skill level 1 in Shields
 11909 | D:7      | Found a bloodstained altar of Trog.
 11928 | D:7      | Reached skill level 1 in Evocations
 12653 | D:7      | Found a burning altar of Makhleb.
 13254 | D:8      | Noticed a two-headed ogre
 13266 | D:8      | Noticed Maurice
 13280 | D:8      | Killed Maurice
 13402 | D:8      | Noticed Erica
 13452 | D:8      | Reached * piety under Kikubaaqudgha
 13452 | D:8      | Identified Kikubaaqudgha's Almanac of Evil Secrets (Kikubaaqudgha gifted it to you on level 8 of the Dungeon)
 13452 | D:8      | Received a gift from Kikubaaqudgha
 13475 | D:8      | Learned a level 1 spell: Animate Skeleton
 13534 | D:8      | Noticed Prince Ribbit
 13544 | D:8      | Killed Prince Ribbit
 13569 | D:8      | Killed Erica
 13569 | D:8      | Reached skill level 9 in Spellcasting
 13569 | D:8      | Reached XP level 10. HP: 69/77 MP: 15/23
 13680 | D:8      | Noticed Agrougrou's ghost (novice OpTm)
 14039 | D:8      | Killed a two-headed ogre
 14067 | D:8      | Killed Agrougrou's ghost
 14067 | D:8      | Reached skill level 1 in Necromancy
 14558 | D:9      | Noticed a two-headed ogre
 14736 | D:10     | Entered Level 10 of the Dungeon
 15434 | D:10     | Reached ** piety under Kikubaaqudgha
 15531 | D:10     | Reached skill level 5 in Dodging
 15682 | D:10     | Noticed a centaur warrior
 15851 | D:10     | Noticed a two-headed ogre
 15879 | D:10     | Killed a two-headed ogre
 15879 | D:10     | Reached skill level 10 in Spellcasting
 16175 | D:10     | Noticed a gargoyle
 16364 | D:10     | Noticed a deep elf mage
 16378 | D:10     | Noticed a fire giant
 16396 | D:10     | Killed a deep elf mage
 16396 | D:10     | Reached XP level 11. HP: 86/86 MP: 19/25
 16581 | D:10     | Killed from afar by a fire giant

Skill      XL: |  1  2  3  4  5  6  7  8  9 10 |
---------------+-------------------------------+-----
Conjurations   | 1 2 3 4 5 |  5.0
Fighting       | 1 2 3 5 6 7 |  7.9
Dodging        | 2 4 5 |  5.0
Stealth        | 2 |  2.0
Spellcasting   | 5 6 7 9 10 | 10.1
Fire Magic     | 1 |  1.0
Air Magic      | 1 2 |  2.0
Poison Magic   | 1 2 |  2.0
Translocations | 2 |  2.0
Armour         | 1 |  1.2
Shields        | 3 4 |  4.0
Evocations     | 2 4 |  4.4
Necromancy     | 3 |  3.5
Summonings     | |  0.7

Action                   |  1- 3 |  4- 6 |  7- 9 | 10-12 || total
-------------------------+-------+-------+-------+-------++-------
Melee: Spear             |    37 |    41 |    19 |     1 ||    98
       Dagger            |    40 |   121 |   306 |   151 ||   618
       Trident           |       |       |    15 |       ||    15
 Cast: Magic Dart        |    17 |    69 |   139 |    84 ||   309
       Blink             |     1 |     1 |     3 |     4 ||     9
       Conjure Flame     |       |     6 |     6 |     7 ||    19
       Mephitic Cloud    |       |     3 |    21 |    25 ||    49
       Animate Skeleton  |       |       |     2 |    19 ||    21
Evoke: Wand              |       |       |       |     2 ||     2
  Use: Scroll            |       |       |    11 |     3 ||    14
 Stab: Sleeping          |     8 |     3 |    10 |     2 ||    23
       Confused          |       |     2 |    16 |    10 ||    28
       Distracted        |       |       |     2 |       ||     2
Armor: Robe              |    15 |    20 |    19 |    29 ||    83
       Leather armour    |       |     2 |    41 |       ||    43
Dodge: Dodged            |    55 |    84 |   178 |    80 ||   397
Block: Buckler           |       |       |    30 |    44 ||    74
       Reflection        |       |       |       |     1 ||     1
